 Dungeon Crawl Stone Soup version 0.17.1-2-g5865329 (webtiles) character file.

134 PossumBlood the Archer (level 4, -4/29 HPs)
             Began as a High Elf Hunter on Jan 23, 2016.
             Killed by divine providence
             ... invoked by an orc priest
              (11 damage)
             ... on level 3 of the Dungeon.
             The game lasted 00:08:15 (3187 turns).

PossumBlood the Archer (High Elf Hunter)            Turns: 3187, Time: 00:08:15

Health: -4/29      AC:  5    Str: 11    XL:     4   Next: 95%
Magic:  5/5        EV: 12    Int: 15    God:
Gold:   168        SH:  0    Dex: 16    Spells: 0 memorised, 3 levels left

rFire  . . .     SeeInvis .     a - +1 shortbow
rCold  . . .     Clarity  .     c - +1 leather armour
rNeg   . . .     SustAt   .     (shield currently unavailable)
rPois  .         Gourm    .     l - +1 hat
rElec  .         Spirit   .     (no cloak)
rCorr  .         Warding  .     (no gloves)
rMut   .         Stasis   .     (no boots)
MR     .....                    (no amulet)
Stlth  ++........               (no ring)
                                (no ring)

@: not resistant to hostile enchantments, unstealthy
A: no striking features
a: no special abilities


You were on level 3 of the Dungeon.
You were not hungry.

You visited 1 branch of the dungeon, and saw 3 of its levels.

You collected 168 gold pieces.

Inventory:

Hand Weapons
 a - a +1 shortbow (weapon)
 b - a +0 short sword
Missiles
 d - 15 arrows (quivered)
 p - 5 javelins of penetration
Armour
 c - a +1 leather armour (worn)
 l - a +1 hat (worn)
Scrolls
 e - a scroll of identify
 g - 2 scrolls of immolation
 m - 3 scrolls of remove curse
Potions
 f - a potion of degeneration
 h - a potion of magic {unknown}
 i - a potion of cure mutation
 j - 2 potions of mutation {unknown}
 k - a potion of curing
 o - 2 potions of might


   Skills:
 - Level 2.0 Fighting
 + Level 8.3 Bows
 - Level 2.1 Dodging
 - Level 1.1 Stealth


You had 3 spell levels left.
You didn't know any spells.

Dungeon Overview and Level Annotations

Branches:
Dungeon (3/15)

Altars:
Trog

Annotations:
D:3 murphy's ghost, amateur DDAr


Message History

You shoot an arrow. The arrow barely misses the orc.
The orc closely misses you.
Firing (i - inventory. (,) - cycle):
d - 18 arrows (quivered)
Press: ? - help, Shift-Dir - straight line, f/p - orc
Aim: an orc, wielding a short sword and wearing a leather armour (moderately wounded)
You shoot an arrow. The arrow barely misses the orc.
The orc completely misses you.
Firing (i - inventory. (,) - cycle):
d - 17 arrows (quivered)
Press: ? - help, Shift-Dir - straight line, f/p - orc
Aim: an orc, wielding a short sword and wearing a leather armour (moderately wounded)
You shoot an arrow. The arrow closely misses the orc.
The arrow hits the orc priest but does no damage.
The orc completely misses you.
Firing (i - inventory. (,) - cycle):
d - 16 arrows (quivered)
Press: ? - help, Shift-Dir - straight line, f - orc priest, p - orc
Aim: an orc priest, wielding a hand axe and wearing a chain mail You shoot an arrow.
The arrow barely misses the orc priest.
The orc priest mumbles some strange prayers to Beogh against you.
Something smites you!
You die...

..####..##
#...####
#........# #..##
######....# ##.#
#..#.### #.#
##.....# ##.#
#..##.# #..#
...##.# #..#
.#.##.# #..# .
.##.# #.@#
#.###oo##
#.....(.#
###(.#.(#####..#
#.##....()..W.
#.##.####...<.
#.##(. ...
#(###. . #.# ..


You could see an orc priest and an orc.

Vanquished Creatures
  Ijyb (D:3)
  5 adders (D:2)
  2 worms
  2 orcs (D:3)
  A ball python (D:2)
  A giant cockroach (D:2)
  8 goblins
  5 hobgoblins
  9 kobolds
  4 quokkas
  9 bats
  3 giant newts
  5 rats
55 creatures vanquished.

Notes
Turn   | Place    | Note
--------------------------------------------------------------
     0 | D:1      | PossumBlood the High Elf Hunter began the quest for the Orb.
     0 | D:1      | Reached XP level 1. HP: 14/14 MP: 2/2
   188 | D:1      | Reached XP level 2. HP: 19/19 MP: 3/3
   242 | D:1      | Reached skill level 6 in Bows
  1166 | D:2      | Reached XP level 3. HP: 24/24 MP: 4/4
  1444 | D:2      | Reached skill level 7 in Bows
  2016 | D:2      | Reached XP level 4. HP: 19/29 MP: 5/5
  2648 | D:2      | Found a bloodstained altar of Trog.
  2905 | D:3      | Noticed Ijyb
  2924 | D:3      | Killed Ijyb
  2924 | D:3      | Reached skill level 8 in Bows
  3178 | D:3      | Noticed murphy's ghost (amateur DDAr)
  3187 | D:3      | Killed from afar by an orc priest

Action                   |  1- 3 |  4- 6 || total
-------------------------+-------+-------++-------
Melee: Short sword       |   133 |    33 ||   166
 Fire: Shortbow          |    53 |    41 ||    94
  Use: Scroll            |     8 |     1 ||     9
       Potion            |       |     2 ||     2
 Stab: Distracted        |     1 |       ||     1
       Sleeping          |     2 |       ||     2
  Eat: Fruit             |     4 |       ||     4
       Bread ration      |       |     1 ||     1
       Beef jerky        |       |     1 ||     1
